 Dungeon Crawl Stone Soup version 0.31-a0-198-g2ad674f65e (webtiles) character file.

Game seed: 4923323469281893301

289 qw the Skirmisher (level 6, -3/36 HPs)
             Began as a Deep Elf Hunter on June 25, 2023.
             Slain by Pikel
             ... wielding a +2 whip of electrocution
              (7 damage)
             ... on level 4 of the Dungeon.
             The game lasted 00:01:14 (2160 turns).

qw the Skirmisher (Deep Elf Hunter)                 Turns: 2160, Time: 00:01:15

Health: -3/36      AC:  6    Str: 10    XL:     6   Next: 9%
Magic:  8/8        EV: 16    Int: 14    God:
Gold:   44         SH:  0    Dex: 18    Spells: 5/5 levels left

rFire   . . .        Y - +0 shortbow
rCold   . . .        (shield currently unavailable)
rNeg    . . .        h - +0 ring mail
rPois   .            b - +0 helmet
rElec   .            (no cloak)
rCorr   .            (no gloves)
SInv    .            (no boots)
Will    .....        (no amulet)
Stlth   +            g - +5 ring of evasion
HPRegen 0.26/turn    i - +4 ring of slaying {mikee}
MPRegen 0.11/turn

%: no passive effects
@: about to teleport
A: no striking features
a: no special abilities


You were on level 4 of the Dungeon.
You visited 1 branch of the dungeon, and saw 4 of its levels.

You collected 165 gold pieces.
You spent 121 gold pieces at shops.


   Skills:
 - Level 2.6 Fighting
 + Level 9.0 Ranged Weapons
 - Level 2.4 Dodging
 - Level 1.2 Stealth


You had 5 spell levels left.
You didn't know any spells.
Your spell library was empty.

Inventory:

Hand Weapons
 Y - a +0 shortbow (weapon)
Armour
 b - a +0 helmet (worn)
 h - a +0 ring mail (worn)
Jewellery
 g - a +5 ring of evasion (left hand)
 i - a +4 ring of slaying (right hand) {mikee}
Scrolls
 a - 5 scrolls of identify
 c - a scroll of enchant weapon {unknown}
 f - a scroll of teleportation

Dungeon Overview and Level Annotations

Branches:
Dungeon (4/15)
 Temple: D:4-7

Altars:
Hepliaklqana
Makhleb
Trog
Vehumet
Xom
Zin
The Shining One

Shops:
D:4 [?

Annotations:
D:4 Pikel


Message History

The lemure completely misses you.
You shoot an arrow. The arrow hits the lemure!
The lemure is almost dead.
The lemure hits you but does no damage.
You shoot an arrow. The arrow hits the lemure.
You kill the lemure!
That felt strangely unrewarding.
You shoot an arrow. The arrow barely misses the lemure.
Pikel shouts!
The arrow hits Pikel.
Pikel is lightly wounded.
You hear a shout!
You shoot an arrow. The arrow hits the lemure!
The lemure is heavily wounded.
The lemure barely misses you.
You shoot an arrow. The arrow hits the lemure!
The lemure is almost dead.
Pikel says, "All the demons know me.
They respect me."
The lemure misses you.
You shoot an arrow. The arrow hits the lemure.
You kill the lemure!
That felt strangely unrewarding.
You shoot an arrow. The arrow misses Pikel.
You shoot an arrow. The arrow completely misses Pikel.
Pikel barely misses you.
You shoot an arrow.
The arrow hits Pikel but does no damage.
Pikel is lightly wounded.
Pikel hits you with a +2 whip of electrocution!
You shoot an arrow. The arrow hits Pikel!
Pikel is lightly wounded.
Pikel hits you with a +2 whip of electrocution!
You shoot an arrow. The arrow hits Pikel!
Pikel is heavily wounded.
Pikel hits you but does no damage.
You are electrocuted!
2160 ||| READING 2 scrolls of teleportation.
As you read the scroll of teleportation, it crumbles to dust.
You feel strangely unstable.
Pikel hits you with a +2 whip of electrocution!
You die...

.....................#.#..#
#.#.#
.#######.......#.#####.#..#
#.#.# ...............#.#
#.#..###.#.# ...............#.#
##.#..#.....# ...............'..
...>.......## ...####.#......#.#
#......#..#
...####+########'#####.........#
...............5K....#.........#
................@....#.........#
..............:......#..#...##.#
...............................#
######.#########.######.###.####
.#.....# #....................#
.......###................#.#.#
.......##.................#.#.#
.......##................ #.#.#
..#....##.#.......###+#.###.#.#


You could see Pikel and a lemure.

Vanquished Creatures
  A phantom (D:4)
  3 lemures (D:4)
  An orc priest (D:3)
  An iguana (D:3)
  5 adders
  2 worms (D:2)
  A dart slug (D:1)
  13 orcs
  7 endoplasms
  6 giant cockroaches
  6 goblins
  6 hobgoblins
  7 jackals
  5 quokkas
  7 ball pythons
  3 bats
  4 frilled lizards
  11 kobolds
  3 rats
92 creatures vanquished.

Notes
Turn   | Place    | Note
-------+----------+-------------------------------------------
     0 | D:1      | qw the Deep Elf Hunter began the quest for the Orb.
     0 | D:1      | Reached XP level 1. HP: 12/12 MP: 3/3
     0 | D:1      | 0 ||| qw: Version: 0.3-a-22-g0ed2b0b
     0 | D:1      | 0 ||| qw: Game counter: 5330
     0 | D:1      | 0 ||| qw: Melee chars always use a shield: true
     0 | D:1      | 0 ||| qw: God list: Okawaru
     0 | D:1      | 0 ||| qw: Allow faded altars: false
     0 | D:1      | 0 ||| qw: Do Orc after clearing Dungeon:15 true
     0 | D:1      | 0 ||| qw: Do second Lair branch before Depths: true
     0 | D:1      | 0 ||| qw: Lair rune preference: random
     0 | D:1      | 0 ||| qw: Goals: Normal
     0 | D:1      | 0 ||| PLANNING D:1-11
     8 | D:1      | Noticed an electric eel
    24 | D:1      | 24 ||| FLEEEEING.
    25 | D:1      | 25 ||| FLEEEEING.
    26 | D:1      | 26 ||| FLEEEEING.
    27 | D:1      | 27 ||| FLEEEEING.
    28 | D:1      | 28 ||| FLEEEEING.
    29 | D:1      | 29 ||| FLEEEEING.
    30 | D:1      | 30 ||| FLEEEEING.
    31 | D:1      | 31 ||| FLEEEEING.
    32 | D:1      | 32 ||| FLEEEEING.
    33 | D:1      | 33 ||| FLEEEEING.
    34 | D:1      | 34 ||| FLEEEEING.
    35 | D:1      | 35 ||| FLEEEEING.
    36 | D:1      | 36 ||| FLEEEEING.
    41 | D:1      | 41 ||| DROPPING +6 ring of intelligence.
    42 | D:1      | 42 ||| DROPPING scroll of butterflies.
    90 | D:1      | Reached XP level 2. HP: 12/16 MP: 4/4
    96 | D:1      | 96 ||| FLEEEEING.
   101 | D:1      | Reached skill level 6 in Ranged Weapons
   283 | D:1      | Reached XP level 3. HP: 20/20 MP: 5/5
   482 | D:1      | 482 ||| DROPPING scarf of invisibility.
   483 | D:1      | 483 ||| UPGRADING to +0 scale mail.
   493 | D:1      | 493 ||| DROPPING +0 leather armour.
   615 | D:2      | Reached skill level 7 in Ranged Weapons
   709 | D:2      | Reached XP level 4. HP: 25/25 MP: 6/6
   771 | D:2      | 771 ||| FLEEEEING.
   772 | D:2      | 772 ||| FLEEEEING.
   773 | D:2      | 773 ||| FLEEEEING.
   774 | D:2      | 774 ||| FLEEEEING.
   835 | D:2      | Found a shimmering altar of Xom.
  1130 | D:2      | 1130 ||| UPGRADING to +0 helmet.
  1135 | D:2      | 1135 ||| UPGRADING to +0 ring mail.
  1145 | D:2      | 1145 ||| DROPPING +0 scale mail.
  1146 | D:2      | 1146 ||| UPGRADING to +5 ring of evasion.
  1147 | D:2      | 1147 ||| UPGRADING to +4 ring of slaying {mikee}.
  1148 | D:2      | 1148 ||| READING 2 scrolls labelled ANUCWI CA NOSM.
  1149 | D:2      | 1149 ||| READING 2 scrolls labelled NOXKEC QEYS.
  1237 | D:3      | 1237 ||| Stepping ~*~*~tactically~*~*~ (outnumbered).
  1240 | D:3      | Reached skill level 8 in Ranged Weapons
  1247 | D:3      | Reached XP level 5. HP: 17/29 MP: 7/7
  1391 | D:3      | Found a bloodstained altar of Trog.
  1392 | D:3      | Found a glowing silver altar of Zin.
  1392 | D:3      | Found a burning altar of Makhleb.
  1393 | D:3      | Found a radiant altar of Vehumet.
  1393 | D:3      | Found a hazy altar of Hepliaklqana.
  1393 | D:3      | Found a glowing golden altar of the Shining One.
  1610 | D:3      | 1610 ||| READING scroll labelled TAN NOEP FIUXZAJ.
  1611 | D:3      | 1611 ||| READING scroll labelled QIOWUN IRRIW.
  1612 | D:3      | 1612 ||| READING 2 scrolls of identify.
  1612 | D:3      | 1612 ||| IDENTIFYING clear potion
  1662 | D:4      | Found Heukhan's Armour Emporium.
  1696 | D:4      | Reached skill level 9 in Ranged Weapons
  1741 | D:4      | Noticed a phantom
  1751 | D:4      | Killed a phantom
  1752 | D:4      | Reached XP level 6. HP: 34/36 MP: 8/8
  1814 | D:4      | Found Zeivavie's Magic Scroll Shop.
  1822 | D:4      | 1822 ||| BUYING scroll of identify (22 gold).
  1822 | D:4      | Bought a scroll of identify for 22 gold pieces
  1822 | D:4      | 1822 ||| BUYING scroll of identify (22 gold).
  1822 | D:4      | Bought a scroll of identify for 22 gold pieces
  1822 | D:4      | 1822 ||| BUYING scroll of identify (22 gold).
  1822 | D:4      | Bought a scroll of identify for 22 gold pieces
  1822 | D:4      | 1822 ||| BUYING scroll of identify (22 gold).
  1822 | D:4      | Bought a scroll of identify for 22 gold pieces
  1822 | D:4      | 1822 ||| BUYING scroll of teleportation (33 gold).
  1822 | D:4      | Bought a scroll of teleportation for 33 gold pieces
  2003 | D:4      | Noticed Pikel
  2012 | D:4      | HP: 9/36 [Pikel/+2 whip of electrocution (6)]
  2013 | D:4      | 2013 ||| READING 2 scrolls of teleportation.
  2013 | D:4      | HP: 3/36 [Pikel/+2 whip of electrocution (6)]
  2014 | D:4      | 2014 ||| DRINKING potion of heal wounds.
  2159 | D:4      | HP: 4/36 [Pikel/+2 whip of electrocution (15)]
  2160 | D:4      | 2160 ||| READING 2 scrolls of teleportation.
  2160 | D:4      | Slain by Pikel

Levels and vault maps discovered:
D:1:      arrival_aquarium_a, layout_rooms
D:2:      layout_basic, basic_altar, serial_forest,
          infiniplex_forest_straight_1, infiniplex_forest_zigzag_1,
          infiniplex_forest_end_3, infiniplex_forest_straight_1,
          infiniplex_forest_end_3, infiniplex_forest_corner_1,
          infiniplex_forest_clump_cross, infiniplex_forest_lined_ring
D:3:      layout_rooms, grunt_temple_overflow_open
D:4:      layout_basic, serial_shops, nicolae_shop_advertising_works
          [nicolae_subvault_shop_adworks],
          nicolae_shop_temple_entry_statues_fountains, uniq_pikel

Skill      XL: |  1  2  3  4  5 |
---------------+----------------+-----
Ranged Weapons | 6 7 8 9 |  9.0
Fighting       | 2 |  2.6
Dodging        | |  2.4
Stealth        | |  1.2

Action                     |  1- 3 |  4- 6 || total
---------------------------+-------+-------++-------
   Fire: Shortbow          |    93 |   210 ||   303
    Use: Scroll            |       |     7 ||     7
         Potion            |       |     1 ||     1
 Armour: Leather armour    |     7 |       ||     7
         Scale mail        |       |    41 ||    41
         Ring mail         |       |    11 ||    11
  Dodge: Dodged            |    14 |    91 ||   105

Table legend:
 A = Non-vault XP
 B = Vault XP
 C = Vault XP percentage of total XP
 D = Non-vault monster count
 E = Vault monster count
 F = Vault count percentage of total count
                 A         B        C        D         E       F
            +---------+---------+-------+---------+---------+-------
      Total |     413 |       0 |   0.0 |      89 |       0 |   0.0
            +---------+---------+-------+---------+---------+-------
        D:1 |      54 |       0 |   0.0 |      31 |       0 |   0.0
        D:2 |      84 |       0 |   0.0 |      24 |       0 |   0.0
        D:3 |     136 |       0 |   0.0 |      25 |       0 |   0.0
        D:4 |     139 |       0 |   0.0 |       9 |       0 |   0.0
            +---------+---------+-------+---------+---------+-------
